 Dungeon Crawl Stone Soup version 0.31.0-32-g396128a36d (webtiles) character file.

Game seed: 6873663575246882004

3047 PaiMei the Scholar of Death (level 9, -3/63 (69) HPs)
             Began as a Demonspawn Necromancer on Mar 27, 2024.
             Was a Follower of Kikubaaqudgha.
             Slain by an orc warrior
             ... wielding a +0 glaive
              (11 damage)
             ... on level 8 of the Dungeon.
             The game lasted 00:11:00 (8687 turns).

PaiMei the Scholar of Death (DsNe)                  Turns: 8687, Time: 00:11:01

HP:   -3/63 (69)    AC: 10    Str:  8    XL:     9   Next: 56%
MP:   13/18         EV: 20    Int: 20    God:    Kikubaaqudgha [*.....]
Gold: 505           SH:  0    Dex: 16    Spells: 5/20 levels left

rFire   + . .        y - +6 war axe (elec)
rCold   . . .        (no shield)
rNeg    . . .        A - +2 robe {rF+}
rPois   .            (helmet unavailable)
rElec   .            e - +0 cloak
rCorr   .            (no gloves)
SInv    .            E - +0 pair of boots
Will    .....        (no amulet)
Stlth   +++          G - +4 ring of protection
HPRegen 0.30/turn    r - ring of wizardry
MPRegen 0.32/turn

%: wizardry (x1)
@: mighty, agile, drained
A: horns 3, thin skeletal structure 1, powered by pain 1, magic regeneration
a: Renounce Religion, Unearth Wretches


You were on level 8 of the Dungeon.
You worshipped Kikubaaqudgha.
Kikubaaqudgha was aware of your devotion.
You visited 2 branches of the dungeon, and saw 9 of its levels.

You collected 505 gold pieces.

Inventory:

Hand Weapons
 v - a +1 hand axe of flaming
 y - a +6 war axe of electrocution (weapon)
 K - a +4 scimitar of freezing
Missiles
 j - 6 poisoned darts
 w - 11 atropa-tipped darts (quivered)
Armour
 e - a +0 cloak (worn)
 A - a +2 robe of fire resistance (worn)
 B - a +2 scale mail of fire resistance
 E - a +0 pair of boots (worn)
 I - a scarf of harm
Jewellery
 g - a ring of positive energy
 r - a ring of wizardry (right hand)
 G - a +4 ring of protection (left hand)
Wands
 u - a wand of polymorph (5)
 x - a wand of roots (7)
Scrolls
 c - 3 scrolls of blinking {unknown}
 f - a scroll of torment {unknown}
 h - 17 scrolls of identify {unknown}
 i - 4 scrolls of fog {unknown}
 k - a scroll of amnesia {unknown}
 n - 2 scrolls of revelation {unknown}
 p - 4 scrolls of teleportation {unknown}
 s - 2 scrolls of poison {unknown}
 C - a scroll of butterflies {unknown}
 D - a scroll of immolation {unknown}
 J - a scroll of noise {unknown}
Potions
 a - 3 potions of brilliance {unknown}
 b - a potion of magic
 d - 2 potions of cancellation {unknown}
 l - 2 potions of might {unknown}
 m - a potion of lignification {unknown}
 o - 2 potions of curing {unknown}
 q - 2 potions of heal wounds {unknown}
 t - a potion of haste {unknown}
 z - a potion of ambrosia {unknown}
 F - a potion of berserk rage {unknown}
Miscellaneous
 H - a lightning rod (4/4)


   Skills:
 + Level 6.2 Fighting
 + Level 6.3 Dodging
 - Level 2.7 Stealth
 + Level 6.4 Spellcasting
 + Level 8.6 Necromancy


You had 5 spell levels left.
You knew the following spells:

 Your Spells              Type           Power      Damage    Failure   Level
a - Necrotise             Necr           100%       1d9       1%          1
b - Vampiric Draining     Necr           41%        2d8       1%          3
c - Animate Dead          Necr           41%        N/A       1%          4
d - Curse of Agony        Necr           41%        N/A       3%          5
e - Sublimation of Blood  Necr           41%        N/A       1%          2

Your spell library contained the following spells:

 Spells                   Type           Power      Damage    Failure   Level
 Fugue of the Fallen      Necr           41%        N/A       1%          3
 Sandblast                Erth           12%        2d6       4%          1
 Summon Small Mammal      Summ           24%        N/A       4%          1
 Mercury Vapours          Alch/Air       12%        N/A       6%          2
 Call Canine Familiar     Summ           6%         N/A       12%         3
 Mephitic Cloud           Conj/Alch/Air  6%         N/A       12%         3
 Passwall                 Erth           6%         N/A       12%         3
 Stone Arrow              Conj/Erth      12%        3d7       12%         3
 Brom's Barrelling Bould  Conj/Erth      6%         2d3       36%         4
 Summon Blazeheart Golem  Fire/Summ      6%         N/A       36%         4
 Freezing Cloud           Conj/Ice/Air   3%         6-21      69%         5


Dungeon Overview and Level Annotations

Branches:
Dungeon (8/15)             Temple (1/1) D:6
   Lair: D:8-11

Altars:
Ashenzari
Cheibriados
Dithmenos
Fedhas
Gozag
Hepliaklqana
Kikubaaqudgha
Nemelex Xobeh
Okawaru
Qazlal
Ru
Sif Muna
Trog
Uskayaw
Vehumet
Wu Jian
Xom


Innate Abilities, Weirdness & Mutations

You have a pair of large horns on your head.
You have a somewhat thin skeletal structure. (Dex +2, Stealth+)
You sometimes gain a little power by taking damage.
You regenerate magic rapidly.


Message History

You draw life force from the orc!
You kill the orc!
Kikubaaqudgha accepts your kill.
The orc warrior hits you from afar with a +0 glaive!!
You focus on the pain.
You feel very mighty all of a sudden.
You barely miss the orc priest. Your punch misses the orc priest.
The orc priest hits you but does no damage.
The orc warrior hits you from afar with a +0 glaive! x2
You focus on the pain.
You feel your power returning. The orc priest misses you.
Casting: Vampiric Draining (safe; 1% risk of failure)
Confirm with . or Enter, or press ? or * to list all spells.
Aiming: Vampiric Draining (safe; 1% risk of failure)
Press: ? - help, Shift-Dir - straight line, f - orc priest
Aim: an orc priest, wielding a +0 dagger You draw life force from the orc priest!
You feel life coursing into your body.
The orc priest hits you but does no damage.
The orc warrior barely misses you.
You closely miss the orc priest.
The orc priest is severely wounded.
The orc priest invokes the aid of Beogh against you.
Pain shoots through your body!
The orc warrior hits you from afar with a +0 glaive!!
* * * LOW HITPOINT WARNING * * *
You focus on the pain.
You feel agile all of a sudden.
Casting: Vampiric Draining (safe; 1% risk of failure)
Confirm with . or Enter, or press ? or * to list all spells.
Aiming: Vampiric Draining (safe; 1% risk of failure)
Press: ? - help, Shift-Dir - straight line, f/p - orc priest
Aim: an orc priest, wielding a +0 dagger (severely wounded)
You draw life force from the orc priest!
You kill the orc priest!
Kikubaaqudgha accepts your kill.
You feel life coursing into your body.
The orc warrior hits you from afar with a +0 glaive!
You die...
Kikubaaqudgha rasps: "You have failed me!
Welcome... death!"

#.# #.# #..# #.# #..#
#.# #..# #####.######
#..# ...........# #..#
##.#..####.# #o.######.
.#.#..# #.# #.)...<...
.#.#..# #.# #@# .#.#..#
#.#####.######.
.#.#..####..............
.#.#.............######.
.#.#.###########....$..
.#.#.. ..###### .#<# ###
...# ####


You could see an orc warrior.

Vanquished Creatures
  2 raiju (D:7)
  A steam dragon (D:5)
  A water moccasin (D:7)
  2 black bears (D:7)
  4 ogres
  Blork the orc (D:5)
  2 bullfrogs (D:7)
  3 scorpions
  10 wights (D:7)
  5 killer bees (D:7)
  4 electric eels (D:7)
  2 bombardier beetles
  An orc priest (D:8)
  2 hounds
  4 jellies (D:5)
  An iguana (D:5)
  Natasha (D:3)
  A sleepcap (D:7)
  4 orc wizards
  2 gnolls
  9 adders
  2 ufetubi (D:5)
  3 dart slugs
  3 ribbon worms
  24 orcs
  4 ball pythons
  2 endoplasms
  A giant cockroach (D:3)
  4 goblins
  6 hobgoblins
  5 jackals
  4 quokkas
  3 bats
  3 frilled lizards
  A goblin zombie (D:3)
  4 kobolds
  3 kobold skeletons (D:3)
  A kobold zombie (D:3)
  An orc skeleton (D:3)
  An orc zombie (D:3)
  3 rats
  A spectral hobgoblin (D:4)
141 creatures vanquished.

Vanquished Creatures (collateral kills)
  2 jackals
  A rat (D:1)
3 creatures vanquished.

Grand Total: 144 creatures vanquished

Notes
Turn   | Place    | Note
-------+----------+-------------------------------------------
     0 | D:1      | PaiMei the Demonspawn Necromancer began the quest for the
                  | Orb.
     0 | D:1      | Reached XP level 1. HP: 13/13 MP: 3/3
   191 | D:1      | Gained mutation: You have a pair of small horns on your
                  | head. [demonic ancestry]
   191 | D:1      | Reached XP level 2. HP: 19/19 MP: 0/5
   596 | D:1      | Gained mutation: You regenerate magic rapidly. [demonic
                  | ancestry]
   596 | D:1      | Reached XP level 3. HP: 24/24 MP: 3/6
   600 | D:1      | Learned a level 3 spell: Vampiric Draining
  2571 | D:3      | Gained mutation: You have a pair of horns on your head.
                  | [demonic ancestry]
  2571 | D:3      | Reached XP level 4. HP: 15/30 MP: 1/8
  2637 | D:2      | Learned a level 4 spell: Animate Dead
  2687 | D:3      | Reached skill level 5 in Necromancy
  2922 | D:3      | Noticed an ogre
  2947 | D:3      | Killed an ogre
  2948 | D:3      | Reached skill level 1 in Fighting
  2948 | D:3      | Gained mutation: You have a pair of large horns on your
                  | head. [demonic ancestry]
  2948 | D:3      | Reached XP level 5. HP: 37/37 MP: 1/9
  3168 | D:3      | Found a sacrificial altar of Ru.
  3318 | D:3      | Noticed Natasha
  3327 | D:3      | Killed Natasha
  3455 | D:3      | Found an iron altar of Okawaru.
  3465 | D:3      | Found a hide-covered altar of Uskayaw.
  4008 | D:4      | Noticed an ogre
  4023 | D:4      | Killed an ogre
  4024 | D:4      | Reached XP level 6. HP: 44/44 MP: 5/11
  4388 | D:4      | Found a hazy altar of Hepliaklqana.
  4577 | D:5      | Entered Level 5 of the Dungeon
  4756 | D:5      | Reached skill level 6 in Necromancy
  4756 | D:5      | Gained mutation: You have a somewhat thin skeletal
                  | structure. (Dex +2, Stealth+) [demonic ancestry]
  4756 | D:5      | Reached XP level 7. HP: 49/51 MP: 5/12
  4819 | D:5      | Noticed a steam dragon
  4826 | D:5      | Killed a steam dragon
  5544 | D:5      | Noticed Blork the orc
  5549 | D:5      | Killed Blork the orc
  5932 | D:6      | Found a staircase to the Ecumenical Temple.
  5965 | D:6      | Reached XP level 8. HP: 57/60 MP: 13/15
  5971 | Temple   | Entered the Ecumenical Temple
  5980 | Temple   | Became a worshipper of Kikubaaqudgha
  6325 | D:7      | Reached skill level 7 in Necromancy
  6334 | D:7      | Reached skill level 5 in Spellcasting
  6408 | D:7      | Reached skill level 5 in Dodging
  7090 | D:7      | Noticed a raiju
  7111 | D:7      | Killed a raiju
  7112 | D:7      | Reached skill level 5 in Fighting
  7183 | D:7      | Gained mutation: You sometimes gain a little power by
                  | taking damage. [demonic ancestry]
  7183 | D:7      | Reached XP level 9. HP: 57/68 MP: 14/17
  7319 | D:7      | Reached skill level 8 in Necromancy
  7388 | D:7      | Found a blossoming altar of Fedhas.
  7388 | D:7      | Found a broken altar of Ashenzari.
  8169 | D:7      | Reached * piety under Kikubaaqudgha
  8169 | D:7      | Received a gift from Kikubaaqudgha
  8581 | D:7      | Learned a level 5 spell: Curse of Agony
  8584 | D:7      | Learned a level 2 spell: Sublimation of Blood
  8687 | D:8      | Slain by an orc warrior

Illustrated notes

Levels and vault maps discovered:
D:1:      psy_arrival_dodecagon, layout_loops_ring
D:2:      layout_loops_corners, minmay_3d_cube
D:3:      layout_loops_corners, nicolae_tso_besieged_by_evil, minitemple,
          hangedman_ru_absence, grunt_decor_cap, uniq_natasha
D:4:      layout_gridville, nicolae_hepliaklqana_monster_ancestors,
          kennysheep_generic_room_16
D:5:      layout_basic, uniq_blork_the_orc
D:6:      layout_loops_cross, minmay_temple_entry_slanted
D:7:      layout_rooms, jmf_multi_god_temple, nicolae_have_a_lightning_rod
D:8:      layout_loops_ring, nzn_makhleb_speed_demon, nicolae_specific_store
Temple:   cyrus_circular_temple

Skill      XL: |  1  2  3  4  5  6  7  8  9 |
---------------+----------------------------+-----
Stealth        | 2 |  2.7
Dodging        | 2 3 4 5 6 |  6.3
Necromancy     | 5 6 7 8 |  8.6
Fighting       | 1 2 3 5 6 |  6.2
Spellcasting   | 3 4 5 6 |  6.4

Action                     |  1- 3 |  4- 6 |  7- 9 || total
---------------------------+-------+-------+-------++-------
  Melee: Spear             |    19 |    36 |       ||    55
         Unarmed           |     1 |       |       ||     1
         Headbutt          |     5 |     9 |    22 ||    36
         Hand axe          |       |     6 |    15 ||    21
         War axe           |       |       |    87 ||    87
   Cast: Necrotise         |    75 |    84 |    67 ||   226
         Vampiric Draining |       |     8 |    46 ||    54
   Stab: Sleeping          |     1 |       |     1 ||     2
         Distracted        |       |       |     1 ||     1
 Armour: Robe              |    37 |    46 |   118 ||   201
  Dodge: Dodged            |    47 |    57 |   149 ||   253
